 Dungeon Crawl Stone Soup version 0.30-a0-571-gdf30a72648 (webtiles) character file.

Game seed: 18147809474624645070

46 Sabo the Trooper (level 3, 0/29 HPs)
             Began as a Demonspawn Fighter on Dec 29, 2022.
             Slain by a kobold
             ... wielding a +0 dagger
              (3 damage)
             ... on level 3 of the Dungeon.
             The game lasted 00:11:02 (1871 turns).

Sabo the Trooper (Demonspawn Fighter)               Turns: 1871, Time: 00:11:03

Health: 0/29       AC: 12    Str: 18    XL:     3   Next: 44%
Magic:  3/3        EV:  5    Int: 15    God:
Gold:   120        SH:  4    Dex: 12    Spells: 2/2 levels left

rFire   . . .      SeeInvis .    k - +3 short sword of Leluoqibo {freeze, rN+ Will+}
rCold   . . .      Faith    .    c - +0 buckler
rNeg    + . .      Spirit   .    i - +0 plate armour
rPois   .          Reflect  .    (no helmet)
rElec   .          Harm     .    (no cloak)
rCorr   +          Rampage  .    (no gloves)
Will    +....                    l - +0 pair of boots Stlth
                                 (no amulet)
HPRegen 0.24/turn                e - ring of resist corrosion
MPRegen 0.16/turn                b - +6 ring of intelligence

@: no status effects
A: magic regeneration
a: no special abilities


You were on level 3 of the Dungeon.
You visited 1 branch of the dungeon, and saw 3 of its levels.

You collected 120 gold pieces.

Inventory:

Hand Weapons
 a - a +0 war axe
 h - a +0 sling
 k - the +3 short sword of Leluoqibo (weapon) {freeze, rN+ Will+}
   (You found it on level 2 of the Dungeon)

   It freezes those it strikes, dealing additional cold damage.
   It can also slow down cold-blooded creatures.
   rN:        It protects you from negative energy.
   Will:      It increases your willpower.
Missiles
 r - 4 javelins (quivered)
Armour
 c - a +0 buckler (worn)
 i - a +0 plate armour (worn)
 l - a +0 pair of boots (worn)
Jewellery
 b - a +6 ring of intelligence (right hand)
 e - a ring of resist corrosion (left hand)
Scrolls
 m - a scroll of brand weapon
 n - a scroll of blinking {unknown}
 p - a scroll of vulnerability {unknown}
 s - a scroll of fog {unknown}
Potions
 d - 3 potions of might
 f - 2 potions of curing
 g - a potion of resistance {unknown}
 j - 2 potions of attraction {unknown}
 o - 2 potions of haste {unknown}
 q - 2 potions of mutation {unknown}


   Skills:
 + Level 3.4 Fighting
 + Level 2.3 Axes
 + Level 3.1 Armour
 + Level 0.1 Dodging
 + Level 3.0 Shields


You had 2 spell levels left.
You didn't know any spells.
Your spell library contained the following spells:

 Spells                   Type           Power      Damage    Failure   Level
 Borgnjor's Revivificati  Necr           0%         N/A       100%        8
 Necromutation            Tmut/Necr      0%         N/A       100%        8
 Death's Door             Necr           0%         N/A       100%        9


Dungeon Overview and Level Annotations

Branches:
Dungeon (3/15)

Altars:


Innate Abilities, Weirdness & Mutations

You regenerate magic rapidly.


Message History

You hit the kobold. You freeze the kobold.
The kobold is severely wounded.
You feel very sick. The kobold hits you but does no damage.
The endoplasm hits you but does no damage.
You closely miss the kobold.
The kobold is severely wounded.
You feel sick. The kobold barely misses you. The endoplasm freezes you.
You are frozen.
You closely miss the kobold.
The kobold is severely wounded.
You feel sick. The kobold hits you but does no damage.
The kobold barely misses you.
The endoplasm hits you but does no damage.
You hit the kobold. You freeze the kobold.
You kill the kobold!
You feel sick. The endoplasm freezes you.
You are frozen.
The kobold hits you but does no damage.
You completely miss the endoplasm.
You feel sick. The kobold hits you but does no damage.
The endoplasm freezes you.
You are frozen.
* * * LOW HITPOINT WARNING * * *
You hit the endoplasm. You freeze the endoplasm.
The endoplasm is heavily wounded.
You feel sick. The kobold hits you but does no damage.
The endoplasm hits you but does no damage.
You barely miss the endoplasm.
The endoplasm is heavily wounded.
You feel sick. The kobold hits you with a +0 dagger.
* * * LOW HITPOINT WARNING * * *
The endoplasm hits you but does no damage.
You hit the endoplasm. You freeze the endoplasm.
You kill the endoplasm!
You feel sick.
You are no longer poisoned.
The kobold hits you with a +0 dagger.
You die...

##$.# .# #.# ....
.##..# ... ....?. .
..###....# #.
........# #. ...
#.......##..
....##.......#..
.......@)......
...###..K....##
#....$.......#
..###........###
##.........#
#.......#.#
#...........#
.....##.#####.#######
..###.............<..#


You could see a kobold.

Vanquished Creatures
  An adder (D:2)
  4 ball pythons
  5 bats
  3 endoplasms
  5 goblins
  4 hobgoblins
  2 jackals (D:1)
  2 kobolds
  3 quokkas
  2 frilled lizards (D:1)
  3 rats
34 creatures vanquished.

Notes
Turn   | Place    | Note
-------+----------+-------------------------------------------
     0 | D:1      | Sabo the Demonspawn Fighter began the quest for the Orb.
     0 | D:1      | Reached XP level 1. HP: 18/18 MP: 1/1
   148 | D:1      | Gained mutation: You regenerate magic rapidly. [demonic
                  | ancestry]
   148 | D:1      | Reached XP level 2. HP: 16/24 MP: 2/2
   936 | D:2      | Reached XP level 3. HP: 26/29 MP: 3/3
  1133 | D:2      | Identified the +3 short sword of Leluoqibo {freeze, rN+
                  | Will+}
  1871 | D:3      | Slain by a kobold

Illustrated notes

Levels and vault maps discovered:
D:1:      scummos_arrival_star, layout_loops_ring, minmay_pentomino_z2
D:2:      layout_basic, feat_on_display
D:3:      layout_rooms, makhleb_altar_promises_db

Skill      XL: |  1  2 |
---------------+-------+-----
Axes           | 2 |  2.3
Shields        | 3 |  3.0
Armour         | 3 |  3.1
Fighting       | |  3.4
Dodging        | |  0.1

Action                   || total
-------------------------++-------
Melee: War axe           ||    72
       Short sword       ||    17
  Use: Scroll            ||     4
Armor: Scale mail        ||    31
       Plate armour      ||    43
Dodge: Dodged            ||    37
Block: Buckler           ||    16

Table legend: (Time is in decaauts)
 A = Elapsed time spent in this place.
 B = Non-inter-level travel time spent in this place.
 C = Inter-level travel time spent in this place.
 D = Time resting spent in this place.
 E = Time spent auto-exploring this place.
 F = Levels seen in this place.
 G = Mean time per level.
                   A        B        C        D        E       F      G
               +--------+--------+--------+--------+--------+-----+--------+
         Total |   1900 |   1900 |      0 |     62 |      0 |   3 |  633.3 |
       Dungeon |   1900 |   1900 |      0 |     62 |      0 |   3 |  633.3 |
               +--------+--------+--------+--------+--------+-----+--------+

Top non-repeatable levels by time:
     D:2: 996 daAuts
     D:1: 871 daAuts
     D:3: 32 daAuts
